 Dungeon Crawl Stone Soup version 0.30-a0-377-g5cb311bc9f (webtiles) character file.

Game seed: 10536610229691588265

1824 bande the Chopper (level 9, -10/55 HPs)
             Began as a Gargoyle Fighter on Nov 28, 2022.
             Mangled by a troll (11 damage)
             ... on level 6 of the Dungeon.
             The game lasted 00:11:00 (6665 turns).

bande the Chopper (Gargoyle Fighter)                Turns: 6665, Time: 00:11:01

Health: -10/55     AC: 22    Str: 21    XL:     9   Next: 11%
Magic:  9/9        EV:  7    Int: 12    God:
Gold:   192        SH:  5    Dex: 16    Spells: 8/8 levels left

rFire   . . .      SeeInvis .    a - +1 war axe
rCold   . . .      Faith    .    c - +0 buckler
rNeg    + . .      Spirit   .    n - +1 chain mail "Pireujir" {Int+4 Dex+3 Slay+2}
rPois   ∞          Reflect  .    p - +0 helmet
rElec   +          Harm     .    f - +1 cloak
rCorr   .          Rampage  .    s - +0 pair of gloves
Will    .....                    (no boots)
Stlth   ..........               (no amulet)
HPRegen 0.29/turn                (no ring)
MPRegen 0.11/turn                (no ring)

@: no status effects
A: sickness immunity, AC +6, negative energy resistance 1, electricity
resistance, torment resistance 1, petrification resistance
a: no special abilities


You were on level 6 of the Dungeon.
You visited 2 branches of the dungeon, and saw 7 of its levels.
You also visited: Ossuary.

You collected 192 gold pieces.

Inventory:

Hand Weapons
 a - a +1 war axe (weapon)
 u - a +2 flail of draining
Armour
 c - a +0 buckler (worn)
 f - a +1 cloak (worn)
 n - the +1 chain mail "Pireujir" (worn) {Int+4 Dex+3 Slay+2}
   (You found it on level 2 of the Dungeon)

   Int:       It affects your intelligence (+4).
   Dex:       It affects your dexterity (+3).
   Slay:      It affects your accuracy & damage with ranged weapons and melee
   (+2).
 p - a +0 helmet (worn)
 s - a +0 pair of gloves (worn)
Jewellery
 o - a ring of wizardry
 t - a ring of fire
Wands
 m - a wand of paralysis (31)
Scrolls
 b - 2 scrolls of enchant weapon
 e - 5 scrolls of teleportation
 k - 3 scrolls of enchant armour
 q - a scroll of amnesia
 v - a scroll of fog
 y - a scroll of magic mapping
Potions
 d - a potion of might
 g - 2 potions of flight
 h - 3 potions of heal wounds
 i - 12 potions of curing
 j - 2 potions of ambrosia {unknown}
 l - 3 potions of mutation {unknown}
 r - a potion of invisibility {unknown}
 w - 2 potions of resistance
 x - 3 potions of haste


   Skills:
 + Level 5.9 Fighting
 + Level 7.1 Axes
 + Level 6.0 Armour
 - Level 0.1 Dodging
 - Level 1.5 Stealth
 + Level 4.5 Shields
 * Level 4.0 Evocations


You had 8 spell levels left.
You didn't know any spells.
Your spell library contained the following spells:

 Spells                   Type           Power      Damage    Failure   Level
 Apportation              Tloc           0%         N/A       98%         1
 Necrotise                Necr           0%         1d4       98%         1
 Summon Small Mammal      Summ           0%         N/A       98%         1
 Iskenderun's Battlesphe  Conj           0%         2d6       100%        5
 Iron Shot                Conj/Erth      0%         9d1       100%        6
 Spellforged Servitor     Conj/Summ      0%         N/A       100%        7


Dungeon Overview and Level Annotations

Branches:
Dungeon (6/15)             Temple (1/1) D:4         Ossuary (visited)

Altars:
Ashenzari
Cheibriados
Dithmenos
Elyvilon
Hepliaklqana
Kikubaaqudgha
Makhleb
Nemelex Xobeh
Qazlal
Ru
Sif Muna
Uskayaw
Vehumet
Wu Jian
Xom
Yredelemnul
The Shining One


Innate Abilities, Weirdness & Mutations

You are immune to sickness and miasma.
Your stone body is resilient. (AC +6)
You are immune to poison.
You resist negative energy. (rN+)
You are resistant to electric shocks. (rElec)
You are resistant to unholy torment.
You are immune to petrification.


Message History

The troll claws you but does no damage.
You barely miss the troll.
The troll is lightly wounded.
The troll bites you! The troll claws you but does no damage.
You block the troll's attack.
You barely miss the troll.
The troll is lightly wounded.
The troll bites you but does no damage. The troll claws you but does no damage.
You block the troll's attack.
You slash the troll!
The troll is moderately wounded.
You block the troll's attack. The troll claws you.
The troll claws you but does no damage.
You barely miss the troll.
The troll is lightly wounded.
The troll bites you but does no damage. The troll claws you but does no damage.
You block the troll's attack. The troll bites you! The troll claws you.
The troll completely misses you.
You slash the troll!
The troll is moderately wounded.
The troll bites you but does no damage. You block the troll's attack. x2
You barely miss the troll.
The troll is moderately wounded.
You block the troll's attack. The troll claws you.
* * * LOW HITPOINT WARNING * * *
The troll closely misses you.
You slash the troll!
The troll is heavily wounded.
The troll bites you!
* * * LOW HITPOINT WARNING * * *
You block the troll's attack. The troll claws you but does no damage.
You closely miss the troll.
The troll is heavily wounded.
The troll bites you.
* * * LOW HITPOINT WARNING * * *
The troll claws you but does no damage. The troll barely misses you.
You closely miss the troll.
The troll is heavily wounded.
The troll bites you!
You die...

#..........#
####.......####
#..........#
###........8.#
#............#
#.<.###...####
#...# #.⌠.#
#.########...#
#...T@..##...#
#######......#
########


You could see a troll.

Vanquished Creatures
  Edmund (D:5)
  An ice beast (D:5)
  4 ogres
  4 elf zombies (Ossuary)
  Blork the orc (D:5)
  5 scorpions
  3 centaur zombies (Ossuary)
  An orc priest (D:4)
  A gnoll bouda (D:5)
  5 human zombies (Ossuary)
  2 hounds (D:5)
  An iguana (D:4)
  3 mummies (Ossuary)
  5 gnolls
  8 adders
  A white imp (D:5)
  2 ufetubi (D:5)
  A worm (D:3)
  5 dart slugs
  14 orcs
  7 ball pythons
  7 endoplasms
  2 giant cockroaches
  5 goblins
  6 hobgoblins
  5 jackals
  3 bats
  2 frilled lizards
  7 kobolds
  7 rats
119 creatures vanquished.

Notes
Turn   | Place    | Note
-------+----------+-------------------------------------------
     0 | D:1      | bande the Gargoyle Fighter began the quest for the Orb.
     0 | D:1      | Reached XP level 1. HP: 14/14 MP: 1/1
    87 | D:1      | Reached skill level 2 in Axes
   109 | D:1      | Reached XP level 2. HP: 18/19 MP: 2/2
   551 | D:1      | Reached XP level 3. HP: 24/24 MP: 3/3
   937 | D:2      | Identified the +1 chain mail "Pireujir" {Int+4 Dex+3
                  | Slay+2}
  1323 | D:2      | Reached XP level 4. HP: 29/29 MP: 4/4
  1335 | D:2      | Found a faded altar of an unknown god.
  2468 | D:4      | Noticed an ogre
  2476 | D:4      | Killed an ogre
  2477 | D:4      | Reached skill level 3 in Axes
  2477 | D:4      | Reached skill level 1 in Evocations
  2477 | D:4      | Reached XP level 5. HP: 13/33 MP: 5/5
  2829 | D:4      | Reached skill level 1 in Stealth
  2829 | D:4      | Reached XP level 6. HP: 19/38 MP: 6/6
  3011 | D:4      | Reached skill level 4 in Axes
  3046 | D:4      | Found a staircase to the Ecumenical Temple.
  3075 | Temple   | Entered the Ecumenical Temple
  4203 | D:5      | Entered Level 5 of the Dungeon
  4265 | D:5      | Reached XP level 7. HP: 44/44 MP: 7/7
  4314 | D:5      | Noticed Blork the orc
  4321 | D:5      | Killed Blork the orc
  4351 | D:5      | Found a sand-covered staircase.
  4357 | D:5      | Noticed Edmund
  4370 | D:5      | Killed Edmund
  4371 | D:5      | Reached skill level 5 in Axes
  4371 | D:5      | Reached skill level 5 in Armour
  4390 | Ossuary  | Entered an ossuary
  4495 | Ossuary  | Reached XP level 8. HP: 41/48 MP: 8/8
  4506 | Ossuary  | Reached skill level 5 in Fighting
  4680 | Ossuary  | Reached skill level 6 in Axes
  6088 | D:4      | Reached skill level 7 in Axes
  6088 | D:4      | Reached XP level 9. HP: 34/55 MP: 9/9
  6390 | D:5      | Found an ornate altar of the Wu Jian Council.
  6651 | D:6      | Noticed a troll
  6664 | D:6      | HP: 1/55 [troll (3)]
  6665 | D:6      | Mangled by a troll

Illustrated notes

Levels and vault maps discovered:
D:1:      lordsloth_arrival_two_stooges, layout_basic, minmay_bisected
D:2:      layout_loops_corners, hellmonk_ecumenical_altar_blasted,
          nicolae_kite_square_tiling_tiny, cheibrodos_gnoll_hut
D:3:      layout_loops_corners
D:4:      layout_basic, minmay_temple_entry_tees
D:5:      layout_loops_corners, mainiacjoe_overflow_six_doors_small,
          nicolae_ossuary_entry_false_entrances, minmay_pentangle,
          uniq_blork_the_orc, uniq_edmund
D:6:      layout_cave_pools, fedhas_altar_fruit_tree,
          mainiacjoe_overflow_concentric_impassable, marbit_many_paths,
          nicolae_overflow_crystal_walls, nicolae_elevator_lobby_asterisk
Temple:   eino_temple_scatter_basement

Skill      XL: |  1  2  3  4  5  6  7  8  9 |
---------------+----------------------------+-----
Axes           | 2 3 4 5 7 |  7.1
Fighting       | 4 5 |  5.9
Armour         | 4 5 6 |  6.0
Evocations     | 1 2 3 4 |  4.0
Stealth        | 1 |  1.5
Shields        | 4 |  4.5
Dodging        | |  0.1

Action                   |  1- 3 |  4- 6 |  7- 9 || total
-------------------------+-------+-------+-------++-------
Melee: War axe           |    85 |    95 |   259 ||   439
  Use: Scroll            |     9 |     1 |     6 ||    16
Armor: Scale mail        |    46 |       |       ||    46
       Chain mail        |    11 |    50 |   178 ||   239
Dodge: Dodged            |    34 |    34 |    77 ||   145
Block: Buckler           |    10 |    20 |    66 ||    96

Table legend: (Time is in decaauts)
 A = Elapsed time spent in this place.
 B = Non-inter-level travel time spent in this place.
 C = Inter-level travel time spent in this place.
 D = Time resting spent in this place.
 E = Time spent auto-exploring this place.
 F = Levels seen in this place.
 G = Mean time per level.
                   A        B        C        D        E       F      G
               +--------+--------+--------+--------+--------+-----+--------+
         Total |   6802 |   6564 |    238 |    837 |   4457 |   8 |  850.2 |
       Dungeon |   6156 |   5918 |    238 |    837 |   4067 |   6 | 1026.0 |
        Temple |    198 |    198 |      0 |      0 |    155 |   1 |  198.0 |
       Ossuary |    447 |    447 |      0 |      0 |    235 |   1 |  447.0 |
               +--------+--------+--------+--------+--------+-----+--------+

Top non-repeatable levels by time:
     D:4: 1888 daAuts
     D:5: 1718 daAuts
     D:2: 876 daAuts
     D:3: 846 daAuts
     D:1: 783 daAuts
 Ossuary: 447 daAuts
  Temple: 198 daAuts
     D:6: 43 daAuts
